 Dungeon Crawl Stone Soup version 0.28-a0-661-g144af121cd (webtiles) character file.

Game seed: 1941059856657188270

2160176 Johnny the Slayer (level 25, 166/379 HPs)
             Began as a White Draconian Ice Elementalist on Oct 13, 2021.
             Was a High Priest of Sif Muna.
             Escaped with the Orb
             ... and 4 runes on Oct 14, 2021!
             The game lasted 02:03:32 (76592 turns).

Johnny the Slayer (DrIE)                           Turns: 76592, Time: 02:03:33

Health: 166/379    AC: 23    Str: 20    XL:     25   Next: 71%
Magic:  24/49      EV: 18    Int: 26    God:    Sif Muna [*****.]
Gold:   2809       SH: 11    Dex: 15    Spells: 40/69 levels left

rFire   + + .      SeeInvis +   X - staff of cold
rCold   + + +      Faith    .   F - +2 buckler {rN+}
rNeg    + + .      Spirit   .   (armour unavailable)
rPois   +          Reflect  .   M - +2 hat {SInv}
rElec   +          Harm     .   g - +2 cloak {Will+}
rCorr   +          Rampage  .   h - +2 pair of gloves of the Hot Ocelot {rElec Str+4}
Will    +++..      Rage     1%  Z - +2 pair of boots of Ineutriq {rC+}
Stlth   ..........              U - amulet of regeneration
HPRegen 1.73/turn               m - ring "Giom" {rF+ Will+ Str+4 Dex+3 SInv}
MPRegen 0.31/turn               x - ring of positive energy

@: mighty, brilliant, berserking, resistant, flying, very slightly contaminated,
hasted, studying Transmutations, invisible, very quick
A: breathe frost, AC +12, unfitting armour, cold resistance 1, cold-blooded,
berserk 1, poison resistance, screaming 2, subdued magic 1
0: Orb of Zot
}: 4/15 runes: decaying, serpentine, slimy, silver
a: Breathe Frost, Renounce Religion, Channel Magic, Forget Spell, Divine
Exegesis


You escaped.
You worshipped Sif Muna.
Sif Muna was extremely pleased with you.
You visited 12 branches of the dungeon, and saw 53 of its levels.
You visited the Abyss 1 time.

You collected 7247 gold pieces.
You spent 4438 gold pieces at shops.

Inventory:

Missiles
 q - 2 throwing nets
Armour
 g - a +2 cloak of willpower (worn)
 h - the +2 pair of gloves of the Hot Ocelot (worn) {rElec Str+4}
   (You acquired it on level 15 of the Dungeon)

   Str:       It affects your strength (+4).
   rElec:     It insulates you from electricity.
 F - a +2 buckler of positive energy (worn)
 G - a +2 pair of boots of stealth
 M - a +2 hat of see invisible (worn)
 Z - the +2 pair of boots of Ineutriq (worn) {rC+}
   (You found it on level 11 of the Dungeon)

   rC:        It protects you from cold.
Magical Staves
 X - a staff of cold (weapon)
Jewellery
 m - the ring "Giom" (left hand) {rF+ Will+ Str+4 Dex+3 SInv}
   (You took it off a tengu reaver on level 5 of the Vaults)

   [ring of willpower]

   Str:       It affects your strength (+4).
   Dex:       It affects your dexterity (+3).
   rF:        It protects you from fire.
   SInv:      It lets you see invisible.
   Will:      It increases your willpower.
 o - the ring "Laxion" {rF+ rC+++ Dex-4 SInv Stlth+}
   (You bought it in a shop on level 3 of the Depths)

   [ring of see invisible]

   Dex:       It affects your dexterity (-4).
   rF:        It protects you from fire.
   rC:        It renders you almost immune to cold.
   SInv:      It lets you see invisible.
   Stlth:     It makes you more stealthy.
 t - the ring of the Real Monster {rPois rC+++ Str+6 Dex-3}
   (You acquired it on level 1 of the Elven Halls)

   [ring of strength]

   Str:       It affects your strength (+6).
   Dex:       It affects your dexterity (-3).
   rC:        It renders you almost immune to cold.
   rPois:     It protects you from poison.
 x - a ring of positive energy (right hand)
 D - a ring of protection from cold
 I - an amulet of magic regeneration
 N - the ring of Cezuch {rElec Will+ Dex+3 Stlth+}
   (You bought it in a shop on level 2 of the Dungeon)

   [ring of willpower]

   Dex:       It affects your dexterity (+3).
   rElec:     It insulates you from electricity.
   Will:      It increases your willpower.
   Stlth:     It makes you more stealthy.
 R - a ring of resist corrosion
 U - an amulet of regeneration (around neck)
Wands
 L - a wand of digging (4)
Scrolls
 d - 11 scrolls of noise
 e - 3 scrolls of torment
 i - 35 scrolls of teleportation
 j - 8 scrolls of fog
 l - 4 scrolls of amnesia
 s - 4 scrolls of immolation
 u - 5 scrolls of magic mapping
 w - 3 scrolls of holy word
 A - 5 scrolls of enchant armour
 J - 6 scrolls of vulnerability
 S - 7 scrolls of blinking
 W - 28 scrolls of identify
Potions
 a - 6 potions of flight
 c - 5 potions of ambrosia
 f - a potion of invisibility
 k - 20 potions of curing
 n - 3 potions of resistance
 p - 20 potions of lignification
 r - 3 potions of brilliance
 v - 4 potions of magic
 z - 9 potions of haste
 B - 3 potions of cancellation
 C - 7 potions of attraction
 K - 5 potions of might
 O - 8 potions of heal wounds
 Q - 4 potions of mutation
Miscellaneous
 b - a box of beasts
 y - a phial of floods
 V - a condenser vane
 Y - a phantom mirror


   Skills:
 + Level 26.1 Fighting
 + Level 12.3 Dodging
 - Level 1.7 Stealth
 + Level 19.6 Shields
 + Level 22.6 Spellcasting
 + Level 12.7 Transmutations
 - Level 25.0 Ice Magic
 - Level 9.9 Invocations


You had 40 spell levels left.
You knew the following spells:

 Your Spells              Type           Power      Damage    Failure   Level
a - Freeze                Ice            100%       1d11      0%          1
b - Frozen Ramparts       Ice            100%       1d12      0%          3
c - Ozocubu's Armour      Ice            100%       N/A       0%          3
d - Blink                 Tloc           N/A        N/A       1%          2
e - Ozocubu's Refrigerat  Ice            67%        4d18      1%          7
f - Hailstorm             Conj/Ice       100%       3d20      1%          4
g - Polar Vortex          Ice            67%        N/A       3%          9

Your spell library contained the following spells:

 Spells                   Type           Power      Damage    Failure   Level
 Beastly Appendage        Tmut           100%       N/A       0%          1
 Ensorcelled Hibernation  Hex/Ice        100%       N/A       0%          2
 Wereblood                Tmut           83%        N/A       0%          2
 Ice Form                 Ice/Tmut       100%       N/A       0%          4
 Animate Skeleton         Necr           66%        N/A       1%          1
 Apportation              Tloc           66%        N/A       1%          1
 Foxfire                  Conj/Fire      100%       2x1d9     1%          1
 Magic Dart               Conj           100%       1d8       1%          1
 Pain                     Necr           100%       1d9       1%          1
 Sandblast                Erth           66%        2d15      1%          1
 Shock                    Conj/Air       100%       1d9       1%          1
 Sting                    Tmut/Pois      100%       1d8       1%          1
 Summon Small Mammal      Summ           100%       N/A       1%          1
 Call Imp                 Summ           33%        N/A       1%          2
 Corpse Rot               Necr/Air       N/A        N/A       1%          2
 Passwall                 Tmut/Erth      53%        N/A       1%          2
 Poisonous Vapours        Pois/Air       66%        N/A       1%          2
 Scorch                   Fire           66%        2d8       1%          2
 Searing Ray              Conj           66%        2d6       1%          2
 Static Discharge         Conj/Air       33%        N/A       1%          2
 Spider Form              Tmut/Pois      32%        N/A       1%          3
 Petrify                  Tmut/Erth      64%        N/A       1%          4
 Summon Ice Beast         Ice/Summ       100%       N/A       1%          4
 Alistair's Intoxication  Tmut/Pois      42%        N/A       1%          5
 Blade Hands              Tmut           41%        N/A       1%          5
 Freezing Cloud           Conj/Ice/Air   45%        6-21      1%          5
 Irradiate                Conj/Tmut      32%        3d24      1%          5
 Metabolic Englaciation   Hex/Ice        52%        N/A       1%          5
 Simulacrum               Ice/Necr       52%        N/A       1%          6
 Call Canine Familiar     Summ           33%        N/A       2%          3
 Confusing Touch          Hex            33%        N/A       2%          3
 Conjure Flame            Conj/Fire      33%        6-21      2%          3
 Dazzling Flash           Conj/Hex       66%        N/A       2%          3
 Gell's Gravitas          Tloc           16%        N/A       2%          3
 Lesser Beckoning         Tloc           33%        N/A       2%          3
 Mephitic Cloud           Conj/Pois/Air  33%        N/A       2%          3
 Portal Projectile        Hex/Tloc       66%        N/A       2%          3
 Stone Arrow              Conj/Erth      66%        3d11      2%          3
 Swiftness                Air            33%        N/A       2%          3
 Teleport Other           Tloc           33%        N/A       2%          3
 Tukima's Dance           Hex            33%        N/A       2%          3
 Vampiric Draining        Necr           16%        2d8       2%          3
 Dragon Form              Tmut           41%        N/A       4%          7
 Airstrike                Air            16%        N/A       11%         4
 Animate Dead             Necr           16%        N/A       11%         4
 Dispel Undead            Necr           33%        3d14      11%         4
 Flame Wave               Conj/Fire      33%        3d7       11%         4
 Fulminant Prism          Conj/Hex       16%        3d11      11%         4
 Iskenderun's Mystic Bla  Conj/Tloc      33%        2d8       11%         4
 Leda's Liquefaction      Hex/Erth       16%        N/A       11%         4
 Olgreb's Toxic Radiance  Pois           33%        N/A       11%         4
 Passage of Golubria      Tloc           N/A        N/A       11%         4
 Sticky Flame             Conj/Fire      33%        2d5       11%         4
 Summon Lightning Spire   Summ/Air       33%        N/A       11%         4
 Eringya's Noxious Bog    Tmut/Pois      32%        N/A       12%         6
 Statue Form              Tmut/Erth      42%        N/A       12%         6
 Agony                    Necr           33%        N/A       30%         5
 Borgnjor's Vile Clutch   Necr/Erth      16%        N/A       30%         5
 Excruciating Wounds      Necr           16%        N/A       30%         5
 Fireball                 Conj/Fire      16%        3d8       30%         5
 Iskenderun's Battlesphe  Conj           33%        2d9       30%         5
 Lee's Rapid Deconstruct  Erth           16%        3d11*     30%         5
 Lightning Bolt           Conj/Air       16%        1d30      30%         5
 Manifold Assault         Tloc           33%        N/A       30%         5
 Silence                  Hex/Air        16%        N/A       30%         5
 Summon Forest            Summ/Tloc      16%        N/A       30%         5
 Summon Mana Viper        Hex/Summ       33%        N/A       30%         5
 Storm Form               Tmut/Air       32%        N/A       56%         7
 Conjure Ball Lightning   Conj/Air       16%        3x3d6     87%         6
 Death Channel            Necr           16%        N/A       87%         6
 Dispersal                Tloc           16%        N/A       87%         6
 Invisibility             Hex            16%        N/A       87%         6
 Iron Shot                Conj/Erth      16%        9d4       87%         6
 Starburst                Conj/Fire      16%        6d6       87%         6
 Summon Cactus Giant      Summ           16%        N/A       87%         6
 Haunt                    Necr/Summ      16%        N/A       100%        7
 Malign Gateway           Summ/Tloc      16%        N/A       100%        7
 Summon Hydra             Summ           16%        N/A       100%        7
 Borgnjor's Revivificati  Necr           16%        N/A       100%        8
 Disjunction              Tloc           16%        N/A       100%        8
 Ignition                 Fire           16%        3d7       100%        8
 Infestation              Necr           16%        N/A       100%        8
 Lehudib's Crystal Spear  Conj/Erth      16%        10d5      100%        8
 Maxwell's Capacitive Co  Air            16%        ∞         100%        8
 Summon Horrible Things   Summ           16%        N/A       100%        8
 Chain Lightning          Conj/Air       16%        3d22      100%        9
 Fire Storm               Conj/Fire      16%        8d4       100%        9
 Shatter                  Erth           16%        3d16*     100%        9


Dungeon Overview and Level Annotations

Branches:
Dungeon (15/15)            Temple (1/1) D:6            Lair (6/6) D:10
  Swamp (4/4) Lair:3        Snake (4/4) Lair:4        Slime (5/5) Lair:6
    Orc (2/2) D:9             Elf (1/3) Orc:2        Vaults (5/5) D:13
  Crypt (0/3) Vaults:2     Depths (4/4) D:15           Hell (visited)
    Zot (5/5) Depths:4
    Dis: Hell:1         Geh: Hell:1         Coc: Hell:1         Tar: Hell:1

Altars:
Ashenzari
Cheibriados
Dithmenos
Elyvilon
Fedhas
Gozag
Hepliaklqana
Kikubaaqudgha
Makhleb
Nemelex Xobeh
Okawaru
Qazlal
Ru
Sif Muna
Trog
Uskayaw
Vehumet
Wu Jian
Xom
Yredelemnul
Zin
The Shining One
Jiyva

Shops:
D:2 *   D:9 [   D:15 *   Orc:2 !*(:   Elf:1 [   Snake:3 :(?*   Vaults:1 ?
Vaults:4 *   Depths:3 ==:   Depths:4 [::*(:

Portals:
Hell: Depths:3 Depths:4
Abyss: Depths:3
Pandemonium: Orc:2 Depths:2
Ziggurat: Depths:3

Annotations:
Elf:1 1 runed translucent door
Zot:3 exclusion: orange crystal statue


Innate Abilities, Weirdness & Mutations

You can breathe waves of freezing cold which knock back foes.
Your icy white scales are hard. (AC +12)
You cannot fit into any form of body armour.
Your flesh is cold resistant. (rC+)
You are cold-blooded and may be slowed by cold attacks.
You tend to lose your temper in combat.
Your system is resistant to poisons. (rPois)
You frequently scream uncontrollably at your foes.
Your spells are a little easier to cast, but a little less powerful.


Message History

You hit the Hell Sentinel but do no damage.
The Hell Sentinel is severely wounded.
The winds around you calm down. The Hell Sentinel gestures at you.
The sphere of damnation explodes!
The damnation engulfs you!!!
The damnation engulfs the Hell Sentinel.
The Hell Sentinel completely resists.
The Hell Sentinel gestures at you. The iron shot hits you!!!
Casting: Polar Vortex (dangerous; 3% risk of failure)
Confirm with . or Enter, or press ? or * to list all spells.
You feel a surge of power!
A great freezing vortex appears and lifts you up.
The Hell Sentinel gestures at you.
The sphere of damnation explodes!
The damnation engulfs you!!
The damnation engulfs the Hell Sentinel.
The Hell Sentinel completely resists.
You kill the Hell Sentinel!
Sif Muna accepts your kill.
You feel your dexterity returning.
Your icy armour cracks and falls away as you move.
The winds around you start to calm down.
You float gracefully downwards.
You are engulfed in whirling frost.
You are engulfed in whirling frost.
There is an open gate here.
The winds around you calm down.
There is a staircase leading out of the dungeon here.
You fade into invisibility!
You are very lightly contaminated with residual magic.
You feel very buoyant.
You fly up into the air.
You feel protected.
You feel clever all of a sudden.
You feel yourself speed up.
You feel very mighty all of a sudden.
A red film seems to cover your vision as you go berserk!
You feel yourself moving faster!
You feel mighty!
You feel a strong urge to attack something.
You have escaped!

...........................#
...........................#
.................#####.....#
.................#...#.....#
...........#######.8.#.....#
....♣.♣.♣..#.........#.....#
..........##........##.....#
..).......'.........#....⌠.#
..........'.....@...#...⌠..#
...)......'.........#....⌠.#
..........##........##.....#
..♣.♣.♣.♣..#.........#.....#
...........#######.8.#.....#
.................#...#.....#
.................#####.....#
...........................#
...........................#


There were no monsters in sight!

Vanquished Creatures
  the Royal Jelly (Slime:5)
  2 dread liches (Vaults:5)
  4 orbs of fire (Zot:5)
  2 ancient liches
  2 juggernauts
  Sojobo (Vaults:5)
  2 Killer Klowns (Zot:5)
  A curse toe (Zot:3)
  Geryon (Hell)
  Nikola (Depths:1)
  2 bone dragons
  6 golden dragons
  the Enchantress (Depths:2)
  4 electric golems
  A Brimstone Fiend (Zot:5)
  A pandemonium lord (Depths:4)
  Rupert (Lair:5)
  An Ice Fiend (Depths:1)
  A Hell Sentinel (D:1)
  5 liches
  21 Orb Guardians (Zot:5)
  16 tentacled monstrosities
  4 quicksilver dragons
  A titan (Vaults:5)
  28 acid blobs
  6 tentacled starspawn (Abyss:2)
  Frances (Elf:1)
  5 sphinxes
  3 death cobs
  10 shadow dragons
  Gastronok (Lair:3)
  A thorn hunter (Swamp:4)
  6 tengu reavers
  5 draconian monks
  Kirke (Lair:5)
  5 nagarajas
  7 draconian knights
  4 frost giants
  10 azure jellies
  12 storm dragons
  2 daevas
  The ghost of Neku the Tortoise, a journeyman MiBe of Trog (Swamp:1)
  A demonspawn warmonger (D:1)
  7 rockslimes
  5 fire giants
  2 cacodemons
  2 fenstrider witches
  5 ghost moths
  3 orc warlords
  2 iron dragons
  17 vault wardens
  A balrug (Abyss:2)
  5 draconian stormcallers
  3 draconian scorchers
  2 draconian shifters
  A ghoul (Vaults:2)
  4 spriggan defenders
  3 reapers
  12 ironbound preservers
  A deep elf elementalist (Abyss:2)
  15 very ugly things
  3 draconian annihilators
  2 vampire knights (Depths:3)
  2 war gargoyles (Vaults:3)
  A caustic shrike skeleton (Abyss:2)
  11 quicksilver oozes
  11 stone giants
  4 deep elf annihilators
  2 deep elf demonologists
  14 black draconians
  5 red draconians
  A demonspawn black sun (D:1)
  6 purple draconians
  2 lorocyprocas
  4 bunyips
  7 dire elephants
  9 green draconians
  A spark wasp (Depths:3)
  13 white draconians
  2 pale draconians (Depths:4)
  3 blizzard demons
  6 yellow draconians
  2 eleionomae (Swamp:2)
  14 ettins
  5 fire dragons
  2 deep elf death magi (Vaults:5)
  Snorg (Lair:5)
  3 deep elf high priests
  36 vault guards
  7 shambling mangroves
  19 great orbs of eyes
  8 yaktaur captains
  5 rakshasas
  3 boulder beetles
  2 ghost crabs
  6 ironbound thunderhulks
  A hydra (shapeshifter) (Depths:3)
  13 naga warriors
  9 ice dragons
  8 salamander tyrants
  3 peacekeepers
  26 hydras
  5 anacondas
  5 spriggan air magi
  An ogre mage (Vaults:5)
  7 ironbound frosthearts
  3 demonspawn (Orc:2)
  23 centaur warriors
  4 death knights
  3 tengu warriors
  7 two-headed ogres
  3 dancing weapons (Elf:1)
  3 deep troll earth magi
  3 catoblepae
  8 alligators
  7 hell hogs (Hell)
  5 spriggan berserkers
  3 thrashing horrors
  3 deep troll shamans
  9 hell knights
  15 naga sharpshooters
  7 orc high priests (Orc:2)
  A vampire mage (Depths:4)
  A deep elf knight (Elf:1)
  6 shock serpents
  5 soul eaters
  Nergalle (Orc:1)
  6 sixfirhies
  7 wretched stars
  2 sun demons
  6 salamander mystics
  3 iron trolls (Depths:4)
  2 skeletal warriors (D:14)
  31 deep trolls
  7 goliath frogs
  4 spatial maelstroms (Abyss:2)
  7 spriggan druids
  6 bog bodies
  A death drake (Swamp:2)
  11 swamp dragons
  23 wizards
  A flayed ghost (Depths:3)
  6 naga ritualists
  An anaconda zombie (Hell)
  2 glowing orange brains
  11 ironbound convokers
  5 phantasmal warriors
  An obsidian statue (Zot:5)
  A shadow dragon zombie (Depths:2)
  15 starcursed masses
  An orange crystal statue (Zot:3)
  A deep elf archer (Elf:1)
  8 deep elf zephyrmancers (Elf:1)
  11 orc knights
  17 lindwurms
  2 tengu zombies (Depths:2)
  3 necromancers
  11 harpies
  11 deep elf pyromancers (Elf:1)
  6 mana vipers
  79 ugly things
  A wolf spider (D:15)
  An oklob plant (Zot:3)
  A draconian zombie (Abyss:2)
  A stone giant zombie (Vaults:3)
  A shining eye (shapeshifter) (Depths:3)
  7 shining eyes
  4 will-o-the-wisps
  A tengu skeleton (Vaults:3)
  A faun (shapeshifter) (Vaults:4)
  8 cyclopes
  5 orc sorcerers
  25 salamanders
  5 worldbinders
  4 apocalypse crabs (Abyss:2)
  A water nymph (shapeshifter) (Depths:3)
  48 black mambas
  10 elephants
  7 manticores
  8 moths of wrath
  4 rust devils
  18 vault sentinels
  A torpor snail (Lair:5)
  An eye of devastation (shapeshifter) (Vaults:5)
  3 guardian serpents
  26 cane toads
  A cane toad (shapeshifter) (D:14)
  6 orange demons
  10 naga magi
  8 smoke demons
  2 ice statues (Depths:1)
  5 eyes of devastation
  A hellion (D:11)
  4 rime drakes
  A gargoyle (D:11)
  A komodo dragon (shapeshifter) (D:14)
  14 komodo dragons
  A tormentor (Abyss:2)
  3 efreet
  A demonic crawler (Abyss:2)
  37 yaktaurs
  11 freezing wraiths
  A hellwing (Orc:2)
  4 tengu conjurers
  An ice devil (Depths:2)
  A harpy zombie (Abyss:2)
  6 trolls
  3 ancient zymes (Abyss:2)
  3 red devils
  A bloated husk (Swamp:2)
  2 polar bears (Lair:6)
  14 large abominations
  27 hornets
  9 tyrant leeches
  57 blink frogs
  86 slime creatures
  A dream sheep (shapeshifter) (Depths:3)
  10 raiju (Abyss:2)
  A human simulacrum (Vaults:3)
  An iron dragon simulacrum (Depths:2)
  A black mamba zombie (Abyss:2)
  A centaur simulacrum (D:14)
  Sigmund (D:6)
  4 water elementals
  A redback (shapeshifter) (Vaults:5)
  20 spriggans
  2 ynoxinuls (Abyss:2)
  An air elemental (Elf:1)
  5 wraiths
  51 yaks
  4 shadows
  4 basilisks
  11 golden eyes
  5 neqoxecs
  4 wyverns
  2 fire elementals
  4 hogs (Lair:5)
  A fire bat (Abyss:1)
  4 steam dragons
  A yaktaur simulacrum (Vaults:3)
  15 vampire mosquitoes
  Menkaure (D:7)
  7 chaos spawn
  47 nagas
  17 swamp worms
  2 wargs
  An acid dragon (D:10)
  A spatial vortex (Abyss:2)
  A hell hound (Hell)
  13 water moccasins
  A floating eye (Depths:3)
  34 orc warriors
  2 sky beasts
  A hornet zombie (D:9)
  7 swamp drakes (Swamp:4)
  A necrophage (D:5)
  5 ice beasts
  2 black bears
  6 ogres
  6 wolves
  2 centaurs (D:7)
  2 phantoms
  3 kobold brigands
  19 bullfrogs
  2 scorpions
  A gnoll sergeant (D:8)
  A water moccasin zombie (D:5)
  An earth elemental (Elf:1)
  18 small abominations
  7 killer bees (D:10)
  9 wights
  6 electric eels
  3 howler monkeys
  3 centaur zombies
  A jelly (Abyss:2)
  A quasit (Abyss:2)
  4 hounds
  Crazy Yiuf (D:4)
  2 bullfrog skeletons (D:7)
  4 gnoll shamans
  25 orc priests
  2 iron imps (Abyss:2)
  16 orc wizards
  Terence (D:3)
  2 centaur skeletons
  An iguana (Lair:3)
  4 lightning spires (Zot:3)
  2 hell rats (Lair:3)
  Robin (D:3)
  30 gnolls
  8 adders
  5 river rats (Lair:3)
  5 white imps
  An ufetubus (D:6)
  2 dart slugs
  48 orcs
  11 ball pythons
  11 endoplasms
  4 giant cockroaches
  8 goblins
  8 hobgoblins
  4 jackals (D:3)
  18 kobolds
  8 quokkas
  2 bats
  3 frilled lizards (D:4)
  10 rats
  A bush (Lair:5)
  A lurking horror (Abyss:2)
  9 starspawn tentacles (Abyss:2)
2174 creatures vanquished.

Vanquished Creatures (collateral kills)
  An orb of fire (Zot:5)
  A Killer Klown (Zot:5)
  A quicksilver dragon (Zot:5)
  A draconian annihilator (Zot:5)
  A dancing weapon (Elf:1)
5 creatures vanquished.

Vanquished Creatures (others)
  An alligator (Swamp:2)
  An ugly thing (Depths:1)
  A white imp (Abyss:1)
  2 bushes (Lair:4)
  16 foxfires
  77 fungi
  238 plants
  7 starspawn tentacles (Abyss:2)
343 creatures vanquished.

Grand Total: 2522 creatures vanquished

Notes
Turn   | Place    | Note
-------+----------+-------------------------------------------
     0 | D:1      | Johnny the Draconian Ice Elementalist began the quest for
                  | the Orb.
     0 | D:1      | Reached XP level 1. HP: 14/14 MP: 3/3
   249 | D:1      | Reached XP level 2. HP: 11/22 MP: 0/5
   440 | D:1      | Reached skill level 1 in Fighting
  1284 | D:2      | Reached XP level 3. HP: 28/28 MP: 6/6
  1900 | D:2      | Found Fimuuk's General Store.
  2289 | D:3      | Found a shimmering altar of Xom.
  2317 | D:3      | Learned a level 3 spell: Frozen Ramparts
  2321 | D:3      | Learned a level 3 spell: Ozocubu's Armour
  2458 | D:3      | Reached skill level 2 in Fighting
  2740 | D:3      | Reached XP level 4. HP: 25/36 MP: 3/8
  3029 | D:3      | Noticed Terence
  3033 | D:3      | Killed Terence
  3244 | D:3      | Noticed an angel
  3246 | D:3      | Found a glowing silver altar of Zin.
  3524 | D:3      | Noticed Robin
  3537 | D:3      | Killed Robin
  3699 | D:3      | Reached XP level 5. HP: 44/44 MP: 9/9
  3796 | D:4      | Reached skill level 3 in Fighting
  3796 | D:4      | Reached skill level 5 in Ice Magic
  3906 | D:4      | Noticed a black bear
  3926 | D:4      | Killed a black bear
  3927 | D:4      | Reached XP level 6. HP: 47/52 MP: 0/11
  4059 | D:4      | Found an ancient bone altar of Kikubaaqudgha.
  4130 | D:4      | Found a radiant altar of Vehumet.
  4445 | D:4      | Found an ornate altar of the Wu Jian Council.
  4682 | D:4      | Reached skill level 4 in Fighting
  5048 | D:5      | Entered Level 5 of the Dungeon
  5077 | D:5      | Your scales start taking on an icy white colour.
  5077 | D:5      | Reached XP level 7. HP: 56/60 MP: 8/13
  5077 | D:5      | Gained mutation: Your flesh is cold resistant. (rC+) [White
                  | Draconian growth]
  5387 | D:5      | Noticed a wraith
  5410 | D:5      | Killed a wraith
  5411 | D:5      | Reached skill level 5 in Fighting
  5722 | D:4      | Found a white marble altar of Elyvilon.
  5761 | D:4      | Found a runed translucent door.
  5762 | D:4      | Noticed Crazy Yiuf
  5769 | D:4      | Killed Crazy Yiuf
  5992 | D:2      | Bought a scroll of teleportation for 33 gold pieces
  6186 | D:5      | Reached skill level 5 in Spellcasting
  6198 | D:5      | Reached XP level 8. HP: 70/70 MP: 7/15
  6665 | D:5      | Found a glowing golden altar of the Shining One.
  6721 | D:5      | Reached skill level 6 in Fighting
  7037 | D:5      | Learned a level 4 spell: Hailstorm
  7492 | D:6      | Reached skill level 7 in Fighting
  7538 | D:6      | Noticed Sigmund
  7548 | D:6      | Killed Sigmund
  7549 | D:6      | Reached XP level 9. HP: 79/79 MP: 9/18
  7639 | D:6      | Found a staircase to the Ecumenical Temple.
  7758 | Temple   | Entered the Ecumenical Temple
  7810 | Temple   | Became a worshipper of Sif Muna the Loreminder
  8540 | D:7      | Reached skill level 10 in Ice Magic
  8643 | D:7      | Reached skill level 8 in Fighting
  9061 | D:7      | Found a broken altar of Ashenzari.
  9140 | D:7      | Reached * piety under Sif Muna
  9140 | D:7      | Noticed Menkaure
  9248 | D:7      | Killed Menkaure
  9692 | D:8      | Reached skill level 9 in Fighting
  9956 | D:8      | Noticed a red ugly thing
  9974 | D:8      | Killed a red ugly thing
  9975 | D:8      | Reached XP level 10. HP: 72/91 MP: 14/22
 10718 | D:9      | Found a radiant altar of Vehumet.
 10730 | D:9      | Reached skill level 1 in Invocations
 10731 | D:9      | Reached skill level 1 in Shields
 10855 | D:9      | Found an opulent altar of Gozag.
 10941 | D:9      | Found Rycudaf's Armour Emporium.
 10948 | D:9      | Bought a +0 pair of boots of stealth for 115 gold pieces
 11051 | D:9      | Noticed a cyclops
 11060 | D:9      | Killed a cyclops
 11458 | D:9      | Identified the +4 trident of Peace {speed, *Rage Int+5
                  | SInv}
 11659 | D:9      | Found a staircase to the Orcish Mines.
 11914 | D:10     | Entered Level 10 of the Dungeon
 12096 | D:10     | Reached ** piety under Sif Muna
 12204 | D:10     | Reached skill level 10 in Fighting
 12404 | D:10     | Noticed a two-headed ogre
 12409 | D:10     | Killed a two-headed ogre
 12410 | D:10     | Reached XP level 11. HP: 91/100 MP: 6/23
 12515 | D:10     | Found a sparkling altar of Nemelex Xobeh.
 12669 | D:10     | Found a staircase to the Lair.
 12933 | Lair:1   | Entered Level 1 of the Lair of Beasts
 13128 | D:11     | Noticed a death knight
 13245 | Lair:1   | You fall into a shaft and drop 1 floor!
 13915 | Lair:1   | You fall into a shaft and drop 1 floor!
 14123 | Lair:2   | Reached skill level 5 in Invocations
 14409 | Lair:2   | Reached skill level 5 in Shields
 14418 | Lair:2   | Reached skill level 11 in Fighting
 15188 | Lair:3   | Reached *** piety under Sif Muna
 15349 | Lair:3   | Reached XP level 12. HP: 109/110 MP: 22/25
 15521 | Lair:3   | Noticed an eight-headed hydra
 15531 | Lair:3   | Killed an eight-headed hydra
 15918 | Lair:3   | Noticed Gastronok
 15949 | Lair:3   | Killed Gastronok
 16007 | Lair:3   | Reached skill level 10 in Spellcasting
 16033 | Lair:3   | Noticed a six-headed hydra
 16043 | Lair:3   | Killed a six-headed hydra
 16912 | Lair:3   | Found a staircase to the Swamp.
 16951 | Lair:3   | Noticed an eight-headed hydra
 16967 | Lair:3   | Killed an eight-headed hydra
 17414 | Lair:4   | Reached skill level 12 in Fighting
 17526 | Lair:4   | Found a staircase to the Snake Pit.
 18380 | Lair:4   | Reached **** piety under Sif Muna
 18909 | D:2      | Bought the ring of Cezuch {rElec Will+ Dex+3 Stlth+} for
                  | 529 gold pieces
 19069 | Orc:1    | Entered Level 1 of the Orcish Mines
 19069 | Orc:1    | Noticed an ettin
 19108 | Orc:1    | Killed an ettin
 19110 | Orc:1    | Reached XP level 13. HP: 104/119 MP: 4/27
 19310 | Orc:1    | Noticed Nergalle
 19319 | Orc:1    | Killed Nergalle
 19778 | Orc:2    | Entered Level 2 of the Orcish Mines
 20325 | Orc:2    | Reached ***** piety under Sif Muna
 20355 | Orc:2    | Received a gift from Sif Muna
 20356 | Orc:2    | Got Sif Muna's Guide on Fiery Creation {god gift}
 20548 | Orc:2    | Found Todarubb's General Store.
 20550 | Orc:2    | Found Ywoik's Distillery.
 20558 | Orc:2    | Bought a potion of curing for 45 gold pieces
 20558 | Orc:2    | Bought a scroll of identify for 30 gold pieces
 20572 | Orc:2    | Bought a potion of lignification for 39 gold pieces
 20572 | Orc:2    | Bought 2 potions of heal wounds for 130 gold pieces
 20572 | Orc:2    | Bought a potion of flight for 39 gold pieces
 20850 | Orc:2    | Found a staircase to the Elven Halls.
 21022 | Orc:2    | Paralysed by an orc sorcerer for 7 turns
 21400 | Orc:2    | Reached skill level 13 in Fighting
 22106 | Orc:2    | Reached skill level 15 in Ice Magic
 22168 | Orc:2    | Found Makuys's Book Emporium.
 22168 | Orc:2    | Found a one-way gate leading to the halls of Pandemonium.
 22168 | Orc:2    | Found Wipyozos's Antique Weapon Shoppe.
 22213 | Orc:2    | Bought Ozocubu's Autobiography for 432 gold pieces
 22221 | Orc:2    | Learned a level 7 spell: Ozocubu's Refrigeration
 23010 | Lair:5   | Noticed Snorg
 23044 | Lair:5   | Killed Snorg
 23045 | Lair:5   | Reached XP level 14. HP: 124/129 MP: 1/29
 23116 | Lair:5   | Identified the +8 flail of Mutilation {spect, Fragile Will+
                  | Str-2 Dex+8}
 23420 | Lair:5   | Noticed Rupert
 23437 | Lair:5   | Killed Rupert
 23825 | Lair:5   | Noticed Kirke
 23831 | Lair:5   | Killed Kirke
 23840 | Lair:5   | Identified the +7 quarterstaff of Virtue {vorpal, rElec}
 24659 | Lair:6   | Entered Level 6 of the Lair of Beasts
 24815 | Lair:6   | Found a staircase to the Slime Pits.
 24821 | Lair:6   | Found a viscous altar of Jiyva.
 24829 | Lair:6   | Reached skill level 14 in Fighting
 24928 | Lair:6   | Reached skill level 10 in Shields
 25070 | Lair:6   | Received a gift from Sif Muna
 25091 | Lair:6   | Identified the +1 robe of Proximity {rElec}
 25096 | Lair:6   | Identified the +1 mace of Caustic Purpose {vorpal, Drain
                  | rN++ Str+3 Dex+8}
 25212 | Lair:6   | Got Rites and Rhymes, Part Three
 25526 | Lair:6   | Reached XP level 15. HP: 139/139 MP: 18/31
 26133 | Elf:1    | Entered Level 1 of the Elven Halls
 26133 | Elf:1    | Found a runed translucent gate.
 26133 | Elf:1    | Found a runed translucent gate.
 26133 | Elf:1    | Found a runed translucent gate.
 26133 | Elf:1    | Found a runed translucent gate.
 26133 | Elf:1    | Found a runed translucent gate.
 26133 | Elf:1    | Found a runed translucent gate.
 26137 | Elf:1    | Found a runed translucent door.
 26184 | Elf:1    | Found a runed translucent door.
 26647 | Elf:1    | Got the Grimoire of Summoning
 26658 | Elf:1    | Reached skill level 15 in Fighting
 26675 | Elf:1    | Noticed Frances
 26685 | Elf:1    | Killed Frances
 27829 | Elf:1    | Found Fium's Antique Armour Emporium.
 27837 | Elf:1    | Bought a runed cloak for 202 gold pieces
 27877 | Elf:1    | Identified a scroll of acquirement
 27929 | Elf:1    | Acquired the ring of the Real Monster {rPois rC+++ Str+6
                  | Dex-3}
 28187 | Swamp:1  | Entered Level 1 of the Swamp
 28358 | Swamp:1  | Noticed a fenstrider witch
 28363 | Swamp:1  | Killed a fenstrider witch
 28796 | Swamp:1  | Found a large runed translucent door.
 28797 | Swamp:1  | Found a large runed translucent door.
 28807 | Swamp:1  | Noticed Neku's ghost (journeyman MiBe)
 28817 | Swamp:1  | Killed Neku's ghost
 29378 | Swamp:2  | Noticed a tentacled monstrosity
 29393 | Swamp:2  | Killed a tentacled monstrosity
 29633 | Swamp:2  | Reached XP level 16. HP: 118/151 MP: 4/33
 29782 | Swamp:2  | Reached skill level 16 in Fighting
 31222 | Swamp:4  | Entered Level 4 of the Swamp
 32498 | Swamp:3  | Reached skill level 17 in Fighting
 33041 | Swamp:4  | Noticed a thorn hunter
 33046 | Swamp:4  | Killed a thorn hunter
 33074 | Swamp:4  | Reached skill level 15 in Spellcasting
 33350 | Swamp:4  | Got a decaying rune of Zot
 33855 | Snake:1  | Entered Level 1 of the Snake Pit
 33877 | Snake:1  | Reached XP level 17. HP: 91/162 MP: 2/36
 34383 | Snake:1  | Acquired a staff of cold
 34613 | Snake:1  | Received a gift from Sif Muna
 35499 | Snake:2  | Identified the +1 robe "Nicymm" {rPois Int+2 Dex-4}
 35501 | Snake:2  | Reached skill level 18 in Fighting
 36090 | Snake:3  | Received a gift from Sif Muna
 36091 | Snake:3  | Got Sif Muna's Almanac of the Snowflakes and Feathers {god
                  | gift}
 36132 | Snake:3  | Found Qeos's Book Emporium.
 36374 | Snake:3  | Identified the +2 long sword of Malaise {antimagic, Fragile
                  | rF+ rN++ Dex+2}
 36666 | Snake:3  | Found Puelycsi's General Store.
 36666 | Snake:3  | Found Qeyn's Antique Weapon Shop.
 36668 | Snake:3  | Found Loasi's Magic Scroll Emporium.
 36714 | Snake:3  | Bought 2 scrolls of identify for 80 gold pieces
 36714 | Snake:3  | Bought a potion of flight for 60 gold pieces
 36714 | Snake:3  | Bought a scroll of teleportation for 60 gold pieces
 36714 | Snake:3  | Bought a potion of heal wounds for 100 gold pieces
 36716 | Snake:3  | Bought a scroll of vulnerability for 105 gold pieces
 36716 | Snake:3  | Bought a scroll of identify for 28 gold pieces
 36716 | Snake:3  | Bought a scroll of blinking for 105 gold pieces
 36716 | Snake:3  | Bought a scroll of enchant armour for 105 gold pieces
 36716 | Snake:3  | Bought a scroll of teleportation for 42 gold pieces
 37428 | Snake:4  | Entered Level 4 of the Snake Pit
 37654 | Snake:4  | Reached XP level 18. HP: 133/174 MP: 24/38
 37746 | Snake:4  | Reached skill level 19 in Fighting
 38173 | Snake:4  | Got a serpentine rune of Zot
 39434 | D:10     | Upgraded the game from 0.28-a0-657-g71136c5590 to
                  | 0.28-a0-661-g144af121cd
 39493 | D:11     | Identified the +2 pair of boots of Ineutriq {rC+}
 40168 | D:11     | Learned a level 2 spell: Blink
 40177 | D:12     | Received a gift from Sif Muna
 40178 | D:12     | Got Sif Muna's Incunabulum of Creative Darkness {god gift}
 41228 | D:13     | Found a gate to the Vaults.
 41267 | Vaults:1 | Entered Level 1 of the Vaults
 41732 | Vaults:1 | Found Qoush's Magic Scroll Shop.
 41753 | Vaults:1 | Bought a scroll of teleportation for 51 gold pieces
 41753 | Vaults:1 | Bought a scroll of fog for 34 gold pieces
 41753 | Vaults:1 | Bought a scroll of enchant armour for 127 gold pieces
 41753 | Vaults:1 | Bought a scroll of summoning for 161 gold pieces
 41753 | Vaults:1 | Bought a scroll of identify for 34 gold pieces
 41753 | Vaults:1 | Bought a scroll of teleportation for 51 gold pieces
 41753 | Vaults:1 | Bought a scroll of teleportation for 51 gold pieces
 41753 | Vaults:1 | Bought a scroll of identify for 34 gold pieces
 42884 | Vaults:1 | Reached skill level 20 in Fighting
 43874 | Vaults:1 | Reached XP level 19. HP: 185/185 MP: 33/40
 45004 | Vaults:2 | Received a gift from Sif Muna
 46153 | Vaults:2 | Found a staircase to the Crypt.
 47060 | Vaults:3 | Received a gift from Sif Muna
 47061 | Vaults:3 | Got Sif Muna's Guide on Harmful Changing {god gift}
 47062 | Vaults:3 | Identified the +7 falchion of Uhiap {drain, rN++}
 47180 | Vaults:3 | Reached skill level 21 in Fighting
 49383 | Vaults:4 | Found Tetoaffu's Assorted Antiques.
 49485 | Vaults:4 | Reached XP level 20. HP: 111/198 MP: 6/42
 50189 | Vaults:4 | Received a gift from Sif Muna
 50204 | Vaults:4 | Got Baer's Almanac of Enchanting Ice {god gift}
 50524 | Vaults:4 | Identified the +8 chain mail of Kihite {rN+ Will+ Int-2}
 51478 | Vaults:5 | Entered Level 5 of the Vaults
 51655 | Vaults:5 | Noticed a dread lich
 51759 | Vaults:4 | Learned a level 9 spell: Polar Vortex
 51764 | Vaults:5 | Killed a dread lich
 51828 | Vaults:5 | Noticed Sojobo
 51830 | Vaults:5 | Reached skill level 22 in Fighting
 51835 | Vaults:5 | Killed Sojobo
 52449 | Vaults:5 | Reached XP level 21. HP: 185/192 MP: 25/44
 52970 | Vaults:5 | Noticed a golden dragon
 52977 | Vaults:5 | Killed a golden dragon
 53359 | Vaults:5 | Identified the +9 mace of Focus {vorpal, rC+}
 53359 | Vaults:5 | Identified the ring "Giom" {rF+ Will+ Str+4 Dex+3 SInv}
 54327 | Vaults:5 | Noticed a dread lich
 54341 | Vaults:5 | Killed a dread lich
 54432 | Vaults:5 | Got a silver rune of Zot
 54719 | Vaults:5 | Noticed a golden dragon
 54734 | Vaults:5 | Killed a golden dragon
 54820 | Vaults:5 | Got Aleq's Incunabulum of Floating Attacks
 54976 | Vaults:5 | Identified the +3 scimitar of the Lost Visionaries {vorpal,
                  | rC- Str+4 Stlth+}
 55756 | D:13     | Reached skill level 15 in Shields
 57585 | D:15     | Entered Level 15 of the Dungeon
 57599 | D:15     | Found Suqevvorch's Assorted Antiques.
 57613 | D:15     | Bought a scroll of teleportation for 96 gold pieces
 57613 | D:15     | Bought a potion of heal wounds for 160 gold pieces
 58119 | D:15     | Acquired 508 gold pieces
 58124 | D:15     | Acquired the +2 pair of gloves of the Hot Ocelot {rElec
                  | Str+4}
 58264 | D:15     | Found a staircase to the Depths.
 58948 | Depths:1 | Entered Level 1 of the Depths
 58972 | Depths:1 | Received a gift from Sif Muna
 58973 | Depths:1 | Reached skill level 23 in Fighting
 59026 | Depths:1 | Noticed Nikola
 59039 | Depths:1 | Killed Nikola
 59331 | Depths:1 | Reached XP level 22. HP: 139/220 MP: 18/45
 60292 | Depths:1 | Received a gift from Sif Muna
 60407 | Depths:2 | Noticed the Enchantress
 60411 | Depths:2 | Killed the Enchantress
 61400 | Depths:3 | Found a gateway to a ziggurat.
 61643 | Depths:3 | Found an iron altar of Okawaru.
 61856 | Depths:3 | Found a gateway to Hell.
 61866 | Depths:3 | Reached skill level 5 in Dodging
 61895 | Depths:3 | Found Gediomoe's Jewellery Shop.
 61897 | Depths:3 | Found Unuki's Book Emporium.
 61898 | Depths:3 | Found Niamiech's Jewellery Shop.
 61912 | Depths:3 | Bought the ring "Laxion" {rF+ rC+++ Dex-4 SInv Stlth+} for
                  | 817 gold pieces
 62077 | Depths:3 | Noticed a juggernaut
 62082 | Depths:3 | Killed a juggernaut
 62171 | Depths:3 | Paralysed by a floating eye for 3 turns
 62297 | Depths:3 | Identified the +3 great sword of Integrity {venom, *Slow
                  | Str+4 Dex+2}
 63957 | Depths:3 | Found a one-way gate to the infinite horrors of the Abyss.
 63998 | Hell     | Entered the Vestibule of Hell
 63998 | Hell     | Noticed Geryon
 64006 | Hell     | Killed Geryon
 64006 | Hell     | Received a gift from Sif Muna
 64007 | Hell     | Got Duaxages's Compendium of the Escort and Ice {god gift}
 64256 | Depths:4 | Entered Level 4 of the Depths
 64408 | Depths:4 | Found Headada's Book Shop.
 64876 | Depths:4 | Noticed a golden dragon
 64883 | Depths:4 | Killed a golden dragon
 64994 | Depths:4 | Found a gate to the Realm of Zot.
 65083 | Depths:4 | Found Tegig's Armour Shoppe.
 65293 | Depths:4 | Found Plog's Book Boutique.
 65318 | Depths:4 | Found Wewoowurr's Changing Room.
 65329 | Depths:4 | Bought a potion of mutation for 104 gold pieces
 65329 | Depths:4 | Bought a potion of lignification for 39 gold pieces
 65333 | Depths:4 | Found Fawomoz's Antique Weapon Shop.
 65351 | Depths:4 | Found Fepyeqed's Book Shop.
 65702 | Depths:4 | Noticed a juggernaut
 65753 | Depths:4 | Killed a juggernaut
 65754 | Depths:4 | Reached skill level 24 in Fighting
 65754 | Depths:4 | Reached XP level 23. HP: 221/229 MP: 37/47
 65850 | Zot:1    | Entered Level 1 of the Realm of Zot
 66107 | Zot:1    | Received a gift from Sif Muna
 66108 | Zot:1    | Got Salukup's Volume of Destructive Malediction {god gift}
 66759 | Slime:1  | Entered Level 1 of the Pits of Slime
 67568 | Slime:2  | Gained mutation: You are dopey. (Int -2) [a shining eye]
 67569 | Slime:2  | Gained mutation: Your body sometimes deteriorates upon
                  | taking damage. [a shining eye]
 67569 | Slime:2  | Gained mutation: You are weak. (Str -2) [a shining eye]
 67610 | Slime:3  | Lost mutation: You are dopey. (Int -2) [potion of mutation]
 67610 | Slime:3  | Lost mutation: You are weak. (Str -2) [potion of mutation]
 67610 | Slime:3  | Lost mutation: Your body sometimes deteriorates upon taking
                  | damage. [potion of mutation]
 67610 | Slime:3  | Gained mutation: Your spells are a little easier to cast,
                  | but a little less powerful. [potion of mutation]
 67610 | Slime:3  | Gained mutation: You occasionally shout uncontrollably at
                  | your foes. [potion of mutation]
 67610 | Slime:3  | Gained mutation: Your large and strong wings let you fly.
                  | [potion of mutation]
 67611 | Slime:3  | Lost mutation: Your spells are a little easier to cast, but
                  | a little less powerful. [potion of mutation]
 67611 | Slime:3  | Lost mutation: Your large and strong wings let you fly.
                  | [potion of mutation]
 67611 | Slime:3  | Gained mutation: Your system is resistant to poisons.
                  | (rPois) [potion of mutation]
 67728 | Slime:5  | Entered Level 5 of the Pits of Slime
 67734 | Slime:5  | Received a gift from Sif Muna
 67904 | Slime:5  | Noticed the Royal Jelly
 67912 | Slime:5  | Killed the Royal Jelly
 68114 | Slime:5  | Received a gift from Sif Muna
 68115 | Slime:5  | Got Sif Muna's Almanac of Orientation and Evil Rituals {god
                  | gift}
 68250 | Slime:5  | Got a slimy rune of Zot
 68292 | Slime:5  | Acquired 1098 gold pieces
 68340 | Slime:5  | Got the Volume of the Congealing Rocks
 68342 | Slime:5  | Got the Collected Works on Orientation
 69116 | Depths:3 | Bought a ring of positive energy for 400 gold pieces
 69163 | Depths:3 | Voluntarily entered the Abyss.
 69163 | Abyss:1  | Found a candlelit altar of Ignis.
 69301 | Abyss:1  | Noticed an ancient lich
 69324 | Abyss:1  | Killed an ancient lich
 69325 | Abyss:1  | Reached skill level 1 in Transmutations
 69556 | Abyss:2  | Found a corrupted altar of Lugonu.
 69632 | Abyss:2  | Gained mutation: You frequently scream uncontrollably at
                  | your foes. [a shining eye]
 69834 | Abyss:2  | Reached XP level 24. HP: 144/168 MP: 6/43
 69835 | Abyss:2  | Gained mutation: You are clumsy. (Dex -2) [a neqoxec]
 70289 | Abyss:2  | Found a corrupted altar of Lugonu.
 70746 | Abyss:2  | Reached skill level 25 in Fighting
 70746 | Abyss:2  | Reached skill level 5 in Transmutations
 70777 | Abyss:2  | Reached skill level 10 in Dodging
 70848 | Abyss:2  | Gained mutation: Your spells are a little easier to cast,
                  | but a little less powerful. [a neqoxec]
 71050 | Abyss:2  | Received a gift from Sif Muna
 71227 | Depths:3 | Escaped the Abyss
 72810 | Zot:3    | Received a gift from Sif Muna
 72811 | Zot:3    | Got Hifuciru's Incunabulum of Cold and Moulding {god gift}
 73163 | Zot:5    | Entered Level 5 of the Realm of Zot
 74400 | Zot:5    | Noticed an orb of fire
 74407 | Zot:5    | Reached XP level 25. HP: 213/250 MP: 31/49
 74407 | Zot:5    | Noticed a Killer Klown
 74418 | Zot:5    | Killed an orb of fire
 74419 | Zot:5    | Reached skill level 10 in Transmutations
 74426 | Zot:5    | Killed a Killer Klown
 74566 | Zot:5    | Noticed an orb of fire
 74578 | Zot:5    | Killed an orb of fire
 74727 | Zot:5    | Noticed a Killer Klown
 74746 | Zot:5    | Killed a Killer Klown
 74986 | Zot:5    | Noticed an orb of fire
 74997 | Zot:5    | Killed an orb of fire
 75161 | Zot:5    | Noticed a Killer Klown
 75161 | Zot:5    | Noticed an orb of fire
 75168 | Zot:5    | Noticed an ancient lich
 75169 | Zot:5    | Noticed an orb of fire
 75351 | Zot:5    | Killed an orb of fire
 75393 | Zot:5    | Killed an ancient lich
 75451 | Zot:5    | Noticed a Killer Klown
 75457 | Zot:5    | Killed a Killer Klown
 75500 | Zot:5    | Killed an orb of fire
 75501 | Zot:5    | Reached skill level 26 in Fighting
 75778 | Zot:5    | Got the Orb of Zot
 75795 | Zot:5    | Received a gift from Sif Muna
 75964 | Depths:4 | Noticed Ukoyst the pandemonium lord
 75968 | Depths:4 | Killed Ukoyst the pandemonium lord
 76280 | D:12     | Noticed Viskefir the pandemonium lord
 76407 | D:5      | Gained mutation: You tend to lose your temper in combat. [a
                  | cacodemon]
 76410 | D:5      | Lost mutation: You are clumsy. (Dex -2) [a cacodemon]
 76592 | D:$      | Escaped with the Orb!

Illustrated notes

Levels and vault maps discovered:
D:1:      wander_arrival_estate, layout_rooms, serial_rivers,
          chequers_serial_rivers_room_a, chequers_serial_rivers_room_b,
          chequers_serial_rivers_small_b, chequers_serial_rivers_small_3,
          chequers_serial_rivers_room_a, chequers_serial_rivers_room_b
D:2:      layout_loops_cross, serial_shops, shop, serial_aquarium,
          aquarium_bridge_square [aquarium_subvault_window,
          aquarium_subvault_bridge, aquarium_subvault_bridge,
          aquarium_subvault_wall], aquarium_bridge_square
          [aquarium_subvault_wall, aquarium_subvault_balcony,
          aquarium_subvault_bridge, aquarium_subvault_bridge],
          aquarium_window_2, aquarium_window_1, aquarium_window_corner,
          aquarium_view_2b, aquarium_pool_four
D:3:      layout_basic, grunt_temple_overflow_order_and_chaos_1, minivault_25,
          uniq_terence, uniq_robin
D:4:      wad_woods_stonehenge, layout_rooms, lemuel_coloured_pillars_altar,
          nicolae_overflow_crystal_walls, nicolae_elyvilon_peaceful_grove,
          lexackson_kobold_supper, uniq_crazy_yiuf_cottage
D:5:      layout_gridville, general_overflow_altar
D:6:      layout_loops_ring, temple_hall, uniq_sigmund
D:7:      layout_loops_ring, nicolae_ashenzari_panopticon, uniq_menkaure
D:8:      layout_gridville
D:9:      layout_loops_corners, mainiacjoe_overflow_catch_the_wave, orc_0_dummy,
          serial_shops, nicolae_shop_statue_plus
D:10:     layout_loops_ring, mainiacjoe_overflow_catwalk, david_lair_shrubbed
D:11:     layout_roguey, st_stairs_4
D:12:     layout_loops_ring
D:13:     layout_basic, skrybe_vaults_entry_preservation
D:14:     wad_guarded_room, layout_rooms, chequers_serial_rivers_marsh
D:15:     hangedman_depths_entry_try_elsewhere_first, layout_layer_cave,
          serial_shops, nicolae_shop_overgrown_old_shop, chequers_avenue
Temple:   nicolae_temple_hex_pool
Lair:1:   layout_concentric_octagons, chequers_serial_rivers_small_b
Lair:2:   layout_regular_city
Lair:3:   layout_hall_layers, palyth_hydra_swamp_entry, kennysheep_rathole,
          uniq_gastronok
Lair:4:   layout_cave_pods, minmay_snake_entry_guardpost_small
Lair:5:   layout_regular_city, nzn_random_ring, uniq_kirke, uniq_snorg,
          uniq_rupert
Lair:6:   minmay_lair_end_frog_pond, layout_gridlike, slime_altar_1
Swamp:1:  layout_basic_swamp, ebering_ghost_disaster_area,
          nicolae_swamp_small_spring, infiniplex_staircase_pool
Swamp:2:  nzn_winding_woodlands_cross [nzn_winding_woodlands_5x15_pool,
          nzn_winding_woodlands_5x15_longhouse,
          nzn_winding_woodlands_5x15_zeroes,
          nzn_winding_woodlands_5x15_concentric,
          nzn_winding_woodlands_15x15_boxy_spiral], layout_falls_marsh,
          nicolae_swamp_orc_logging_accident
Swamp:3:  layout_basic_swamp, evilmike_swamp_ruin_house_3
Swamp:4:  swamp_alternative, layout_basic_swamp
Snake:1:  layout_onion, grunt_megastairs_5
Snake:2:  layout_grid_shapes, hangedman_venom_bottle
Snake:3:  layout_gridlike, serial_shops, nicolae_stop_n_shop_2,
          nicolae_wooded_promenade
Snake:4:  minmay_snake_end_coiled, layout_cave_town
Slime:1:  layout_caves
Slime:2:  layout_caves
Slime:3:  layout_caves
Slime:4:  layout_caves
Slime:5
Orc:1:    layout_caves, uniq_nergalle
Orc:2:    pf_orc_diabolical, layout_caves
Elf:1:    nicolae_elf_arrival_dilemma, layout_onion_city, serial_shops,
          shop_statue, minmay_elf_demonology, uniq_frances
Vaults:1: hangedman_vaults_locks, nicolae_vaults_gold_heap,
          ontoclasm_vaults_shuriken, ontoclasm_vaults_ring_small,
          vaults_room_stairs_pillars, nicolae_vaults_big_angled_halls,
          hangedman_vaults_trim, ontoclasm_vaults_loading_screen,
          layout_vaults_omnigrid, serial_shops, shop_fountains
Vaults:2: nicolae_vaults_network_s, vaults_room_pools,
          minmay_crypt_entry_simple_box, hangedman_vaults_stagger,
          nicolae_vaults_network_periphery, nicolae_vaults_angled_halls,
          vaults_room_hallway, vaults_mumra_lcd, v_misc_3,
          vaults_mumra_minichess_inversion, vaults_standard_mumra_x,
          vaults_dpeg_doors, layout_vaults_ring
Vaults:3: nicolae_vaults_network_star, nicolae_vaults_lopsided_apartments,
          vaults_standard_mumra_enter_the_diamond, v_pattern_4,
          vaults_room_grunt_arrival_checkpoint, vaults_room_pools,
          layout_vaults_chaotic_city, serial_glass
Vaults:4: v_pattern_1, nicolae_vaults_network_quincunx
          [nicolae_vaults_network_quincunx_subvault,
          nicolae_vaults_network_quincunx_subvault,
          nicolae_vaults_network_quincunx_subvault,
          nicolae_vaults_network_quincunx_subvault,
          nicolae_vaults_network_quincunx_subvault], v_rooms_4, v_alt_pattern_6,
          dpeg_vaults_monster_box, v_misc_22, v_misc_5,
          grunt_vaults_hallway_long, v_alt_pattern_1, v_alt_pattern_1,
          nicolae_vaults_theta, v_misc_8, vaults_mumra_chevron, v_alt_pattern_4,
          layout_vaults_omnibox, serial_shops, shop_fountains
Vaults:5: uniq_sojobo
Depths:1: layout_forbidden_donut, hangedman_tar_grid_catacomb,
          serial_column_ruins, column_ruins_hut, column_ruins_hut,
          column_ruins_columns_dead_end, column_ruins_grid_3,
          column_ruins_open_large, column_ruins_open_small,
          column_ruins_open_tiny, column_ruins_columns_water,
          minmay_misc_feat_alley, ice2_lemuel, serial_bayou_shore_b, uniq_nikola
Depths:2: kennysheep_four_of_diamonds, layout_gridville, hellmouth_1,
          rand_demon_pan_entry_4, uniq_enchantress
Depths:3: cell_vault, layout_gridlike, enter_ziggurat_b, hell_entry,
          abyss_entry, okawaru_gym_becter, grunt_megastairs_4,
          infiniplex_staircase_pool_1, minmay_shop_grove
Depths:4: evilmike_zot_entry_gauntlet, layout_gridville,
          chequers_decorated_corner, serial_shops, nicolae_inconvenience_store,
          nicolae_shop_stone, shop_statue, shop, shop_statue, hell_entry,
          nicolae_transmutations_shop
Hell
Zot:1:    layout_gridville, grunt_megastairs_2
Zot:2:    layout_twisted_circle
Zot:3:    evilmike_crystal_ball_defense, layout_cellular_growth,
          bh_zot_lava_cross
Zot:4:    layout_onion_interference, lemuel_elevator
Zot:5:    layout_gridlike

Skill      XL: |  1  2  3  4  5  6  7  8  9 10 11 12 13 14 15 16 17 18 19 20 21 22 23 24 25 |
---------------+----------------------------------------------------------------------------+-----
Fighting       | 1 2 3 4 5 7 9 10 11 12 13 14 15 17 18 20 21 22 23 24 25 26 | 26.1
Spellcasting   | 3 4 5 6 8 9 10 11 12 13 15 16 17 18 19 20 21 22 | 22.6
Ice Magic      | 5 7 8 9 11 12 13 14 15 16 17 19 20 22 23 24 25 | 25.0
Invocations    | 3 6 8 9 |  9.9
Shields        | 3 5 7 9 10 11 12 14 15 16 18 19 | 19.6
Dodging        | 3 7 9 11 12 | 12.3
Transmutations | 3 9 12 | 12.7
Stealth        | |  1.7

Action                   |  1- 3 |  4- 6 |  7- 9 | 10-12 | 13-15 | 16-18 | 19-21 | 22-24 | 25-27 || total
-------------------------+-------+-------+-------+-------+-------+-------+-------+-------+-------++-------
Melee: Unarmed           |     6 |       |       |       |       |       |       |     9 |       ||    15
       Dagger            |     5 |       |       |       |       |       |       |       |       ||     5
       Short sword       |    28 |       |       |       |       |       |       |       |       ||    28
       Tailslap          |    11 |    13 |    25 |    17 |     3 |    17 |    36 |    29 |     3 ||   154
       Mace              |    51 |   104 |   215 |    27 |       |       |       |       |       ||   397
       Trident           |       |       |       |    78 |    30 |    16 |       |       |       ||   124
       Staff             |       |       |       |       |       |    81 |   234 |   148 |    13 ||   476
 Cast: Freeze            |    23 |    21 |    25 |   117 |   132 |    28 |     2 |     3 |       ||   351
       Frozen Ramparts   |       |     7 |    30 |    50 |    37 |     5 |     4 |     3 |       ||   136
       Ozocubu's Armour  |       |     5 |    12 |    37 |    35 |    10 |    21 |    12 |    10 ||   142
       Hailstorm         |       |       |     6 |    78 |   100 |    10 |    19 |       |       ||   213
       Ozocubu's Refrige |       |       |       |       |   227 |   399 |   365 |   252 |    56 ||  1299
       Blink             |       |       |       |       |       |       |     9 |     1 |     2 ||    12
       Polar Vortex      |       |       |       |       |       |       |    41 |   157 |    43 ||   241
Invok: Channel Magic     |       |       |       |     1 |    24 |    13 |    18 |    27 |    10 ||    93
       Divine Exegesis   |       |       |       |       |       |       |     2 |       |       ||     2
 Abil: Breathe Frost     |       |       |     5 |     9 |    21 |    10 |     6 |     5 |       ||    56
Evoke: Wand              |       |       |    11 |    23 |    31 |     5 |    20 |     3 |     2 ||    95
       Phial of floods   |       |       |       |       |       |     2 |       |     2 |       ||     4
       Condenser vane    |       |       |       |       |       |       |     2 |       |     1 ||     3
       Box of beasts     |       |       |       |       |       |       |       |     1 |       ||     1
  Use: Scroll            |       |       |     9 |     9 |    13 |    12 |     5 |     3 |     6 ||    57
       Potion            |       |       |       |       |     3 |       |       |     7 |     8 ||    18
 Stab: Sleeping          |     5 |     3 |       |       |     2 |     3 |     4 |     1 |       ||    18
       Distracted        |       |       |     1 |       |     1 |       |       |     1 |       ||     3
       Confused          |       |       |       |       |       |       |       |     1 |       ||     1
       Invisible         |       |       |       |       |       |       |       |     1 |       ||     1
Armor: Skin              |    27 |    62 |   142 |   138 |   154 |   132 |   276 |   407 |    43 ||  1381
Dodge: Dodged            |    78 |    96 |   227 |   169 |   171 |   163 |   221 |   469 |    60 ||  1654
Block: Buckler           |       |       |       |    21 |    82 |   101 |    82 |   335 |    42 ||   663
       Kite shield       |       |       |       |       |       |       |   191 |    10 |       ||   201

Table legend: (Time is in decaauts)
 A = Elapsed time spent in this place.
 B = Non-inter-level travel time spent in this place.
 C = Inter-level travel time spent in this place.
 D = Time resting spent in this place.
 E = Time spent auto-exploring this place.
 F = Levels seen in this place.
 G = Mean time per level.
                   A        B        C        D        E       F      G
               +--------+--------+--------+--------+--------+-----+--------+
         Total |  77425 |  72557 |   4868 |  20176 |  38977 |  55 | 1407.7 |
       Dungeon |  20132 |  18092 |   2040 |   2130 |  13263 |  15 | 1342.1 |
        Temple |     73 |     53 |     20 |      0 |     39 |   1 |   73.0 |
          Lair |   9778 |   8654 |   1124 |   1779 |   5259 |   6 | 1629.7 |
         Swamp |   5619 |   5489 |    130 |   1527 |   3177 |   4 | 1404.8 |
     Snake Pit |   5498 |   5328 |    170 |    944 |   3442 |   4 | 1374.5 |
    Slime Pits |   1588 |   1488 |    100 |    735 |    229 |   5 |  317.6 |
  Orcish Mines |   3748 |   3621 |    127 |   1866 |    834 |   2 | 1874.0 |
   Elven Halls |   1845 |   1815 |     30 |    406 |   1068 |   1 | 1845.0 |
        Vaults |  14480 |  14076 |    404 |   4103 |   8031 |   5 | 2896.0 |
        Depths |   7652 |   7053 |    599 |   3118 |   2796 |   4 | 1913.0 |
          Hell |     16 |     16 |      0 |      0 |      0 |   1 |   16.0 |
           Zot |   4929 |   4808 |    121 |   2830 |    712 |   5 |  985.8 |
         Abyss |   2063 |   2063 |      0 |    737 |    125 |   2 | 1031.5 |
               +--------+--------+--------+--------+--------+-----+--------+

Top non-repeatable levels by time:
Depths:3: 3721 daAuts
Vaults:4: 3551 daAuts
Vaults:3: 2836 daAuts
   Orc:2: 2785 daAuts
Vaults:5: 2783 daAuts
Vaults:1: 2779 daAuts
  Lair:3: 2589 daAuts
   Zot:5: 2559 daAuts
Vaults:2: 2529 daAuts
 Swamp:2: 2204 daAuts
   Elf:1: 1845 daAuts
 Snake:4: 1844 daAuts
    D:15: 1821 daAuts
Depths:4: 1809 daAuts
 Abyss:2: 1768 daAuts
